SAA
TACOMA FUR TRADERS @ PROVIDENCE PILGRIMS
05/01/2042
 
TOP OF THE 1ST
Tacoma Fur Traders batting - Pitching for Providence Pilgrims : RHP John St. John
Pitching: RHP John St. John
Batting: RHB Mario Rangel 0-0: Foul Ball, location: 2F
0-1: Fly out, F7 (Flyball, 7LM, EV 97.5 MPH)
Batting: RHB Axel Chicote 0-0: SINGLE (Line Drive, 7LS, EV 96.9 MPH)
Batting: LHB Cho-yun Yip 0-0: Swinging Strike
0-1: Ball
1-1: Foul Ball, location: 2F
1-2: Foul Ball, location: 2F
1-2: Fly out, F4 (Popup, 4S, EV 80.0 MPH)
Batting: LHB Michael Hutchinson 0-0: Ball
1-0: Ball
2-0: Called Strike
2-1: Fly out, F8 (Flyball, 8RD, EV 96.9 MPH)
Top of the 1st over - 0 runs, 1 hit, 0 errors, 1 left on base; Tacoma 0 - Providence 0
BOTTOM OF THE 1ST
Providence Pilgrims batting - Pitching for Tacoma Fur Traders : LHP Félix Benítez
Pitching: LHP Félix Benítez
Batting: RHB Keith Lynn 0-0: Called Strike
0-1: Foul Ball, location: 2F
0-2: Foul Ball, location: 2F
0-2: Ball
1-2: Ball
2-2: Strikes out swinging
Batting: RHB Julián Vélez 0-0: Swinging Strike
0-1: Fly out, F8 (Flyball, 8RS, EV 81.9 MPH)
Batting: RHB Barend Huijbregts 0-0: Ball
1-0: Ball
2-0: Called Strike
2-1: Foul Ball, location: 2F
2-2: Strikes out swinging
Bottom of the 1st over - 0 runs, 0 hits, 0 errors, 0 left on base; Tacoma 0 - Providence 0
TOP OF THE 2ND
Tacoma Fur Traders batting - Pitching for Providence Pilgrims : RHP John St. John
Batting: RHB Félix Olvera 0-0: Ball
1-0: Called Strike
1-1: Ball
2-1: Ground out 1-3 (Groundball, P, EV 93.8 MPH)
Batting: LHB Sam Bickerton 0-0: Ball
1-0: Foul Ball, location: 2F
1-1: Fly out, F8 (Line Drive, 8RD, EV 90.0 MPH)
Batting: RHB Terry Boyle 0-0: Foul Ball, location: 2F
0-1: Ball
1-1: Swinging Strike
1-2: Ball
2-2: Ball
3-2: Fly out, F7 (Flyball, 7LSF, EV 95.6 MPH)
Top of the 2nd over - 0 runs, 0 hits, 0 errors, 0 left on base; Tacoma 0 - Providence 0
BOTTOM OF THE 2ND
Providence Pilgrims batting - Pitching for Tacoma Fur Traders : LHP Félix Benítez
Batting: RHB Gabriel Méndez 0-0: Ball
1-0: Ball
2-0: Ball
3-0: Called Strike
3-1: Base on Balls
Batting: RHB Chris Hall 0-0: Ball
1-0: Ball
2-0: Ball
3-0: Called Strike
3-1: Foul Ball, location: 2F
3-2: Fielders Choice at 2nd, 4-6 (Groundball, 4M, EV 95.0 MPH)
Batting: RHB Carlos González 0-0: Fly out, F9 (Flyball, 9LM, EV 94.4 MPH)
Batting: LHB César Valtez 0-0: TRIPLE (Line Drive, 8LXD, EV 109.4 MPH)
Chris Hall scores
Batting: RHB Allen Kelley 0-0: Ball
1-0: Called Strike
1-1: Ball
2-1: Called Strike
2-2: Ball
3-2: Reached on error, E4 (Groundball, 4S, EV 83.8 MPH)
César Valtez scores
Batting: RHB Jesse McCoy 0-0: Foul Ball, location: 2F
0-1: Foul Ball, location: 2F
0-2: Foul Ball, location: 2F
0-2: Foul Ball, location: 2F
0-2: Ball
1-2: Strikes out looking
Bottom of the 2nd over - 2 runs, 1 hit, 1 error, 1 left on base; Tacoma 0 - Providence 2
TOP OF THE 3RD
Tacoma Fur Traders batting - Pitching for Providence Pilgrims : RHP John St. John
Batting: RHB Jeroen Penning 0-0: Ball
1-0: Foul Ball, location: 2F
1-1: Ball
2-1: Called Strike
2-2: Fly out, F4 (Popup, 4, EV 60.0 MPH)
Batting: RHB Eduardo Sainz 0-0: Foul Ball, location: 2F
0-1: Foul Ball, location: 2F
0-2: Ball
1-2: Foul Ball, location: 2F
1-2: Strikes out swinging
Batting: RHB Mario Rangel 0-0: Called Strike
0-1: Swinging Strike
0-2: SINGLE (Line Drive, 89S, EV 108.8 MPH)
Batting: RHB Axel Chicote 0-0: Ball
1-0: Ball
Mario Rangel is caught stealing 2nd base 2-4
Top of the 3rd over - 0 runs, 1 hit, 0 errors, 0 left on base; Tacoma 0 - Providence 2
BOTTOM OF THE 3RD
Providence Pilgrims batting - Pitching for Tacoma Fur Traders : LHP Félix Benítez
Batting: RHB Keith Lynn 0-0: Called Strike
0-1: Ground out 5-3 (Groundball, 56, EV 78.1 MPH)
Batting: RHB Julián Vélez 0-0: Called Strike
0-1: Fly out, F9 (Flyball, 89S, EV 82.5 MPH)
Batting: RHB Barend Huijbregts 0-0: Ball
1-0: Called Strike
1-1: Ball
2-1: Ball
3-1: Foul Ball, location: 2F
3-2: Foul Ball, location: 2F
3-2: DOUBLE (Line Drive, 78XD, EV 112.5 MPH)
Batting: RHB Gabriel Méndez 0-0: Ball
1-0: Called Strike
1-1: Ball
2-1: SINGLE (Line Drive, 3D, EV 95.0 MPH)
Barend Huijbregts to third
Batting: RHB Chris Hall 0-0: Ball
1-0: Fly out, F8 (Flyball, 8RXD, EV 76.2 MPH)
Bottom of the 3rd over - 0 runs, 2 hits, 0 errors, 2 left on base; Tacoma 0 - Providence 2
TOP OF THE 4TH
Tacoma Fur Traders batting - Pitching for Providence Pilgrims : RHP John St. John
Batting: RHB Axel Chicote 0-0: Ball
1-0: Fly out, F9 (Flyball, 9D, EV 98.8 MPH)
Batting: LHB Cho-yun Yip 0-0: Ball
1-0: Swinging Strike
1-1: Ground out 4-3 (Groundball, 4S, EV 86.9 MPH)
Batting: LHB Michael Hutchinson 0-0: Ball
1-0: Foul Ball, location: 2F
1-1: Swinging Strike
1-2: Ball
2-2: Foul Ball, location: 2F
2-2: Ball
3-2: Foul Ball, location: 2F
3-2: Foul Ball, location: 2F
3-2: Foul Ball, location: 2F
3-2: SINGLE (Line Drive, 4D, EV 108.8 MPH)
Batting: RHB Félix Olvera 0-0: Ball
1-0: SINGLE (Groundball, 56D, EV 100.6 MPH)
Michael Hutchinson to second
Batting: LHB Sam Bickerton 0-0: Ball
1-0: Fly out, F7 (Flyball, 7S, EV 76.9 MPH)
Top of the 4th over - 0 runs, 2 hits, 0 errors, 2 left on base; Tacoma 0 - Providence 2
BOTTOM OF THE 4TH
Providence Pilgrims batting - Pitching for Tacoma Fur Traders : LHP Félix Benítez
Batting: RHB Carlos González 0-0: Ball
1-0: SINGLE (Groundball, 6MD, EV 101.2 MPH)
Batting: LHB César Valtez 0-0: Ball
1-0: Ball
Wild Pitch!
Carlos González to second
2-0: DOUBLE (Line Drive, 8RXD, EV 106.2 MPH)
Carlos González scores
Batting: RHB Allen Kelley 0-0: Ball
1-0: Ball
2-0: Ball
3-0: Called Strike
3-1: Fly out, F9 (Flyball, 9S, EV 81.9 MPH)
Batting: RHB Jesse McCoy 0-0: Swinging Strike
0-1: SINGLE (Line Drive, 9S, EV 104.4 MPH)
César Valtez to third
Runner from 3rd tries for Home, SAFE, no throw by RF
Batting: RHB Keith Lynn 0-0: Called Strike
0-1: Swinging Strike
0-2: Strikes out swinging
Batting: RHB Julián Vélez 0-0: Called Strike
0-1: Ball
1-1: Ball
2-1: Foul Ball, location: 2F
2-2: Fly out, F3 (Popup, 3SF, EV 81.2 MPH)
Bottom of the 4th over - 2 runs, 3 hits, 0 errors, 1 left on base; Tacoma 0 - Providence 4
TOP OF THE 5TH
Tacoma Fur Traders batting - Pitching for Providence Pilgrims : RHP John St. John
Batting: RHB Terry Boyle 0-0: Foul Ball, location: 2F
0-1: Ball
1-1: Ball
2-1: Foul Ball, location: 2F
2-2: Strikes out looking
Batting: RHB Jeroen Penning 0-0: Swinging Strike
0-1: Ball
1-1: SINGLE (Line Drive, 89S, EV 92.5 MPH)
Batting: RHB Eduardo Sainz 0-0: Ball
1-0: Called Strike
1-1: Ball
2-1: Foul Ball, location: 2F
2-2: Fly out, F7 (Flyball, 7D, EV 103.1 MPH)
Batting: RHB Mario Rangel 0-0: Ball
1-0: Ball
2-0: Swinging Strike
2-1: Foul Ball, location: 2F
2-2: Strikes out swinging
Top of the 5th over - 0 runs, 1 hit, 0 errors, 1 left on base; Tacoma 0 - Providence 4
BOTTOM OF THE 5TH
Providence Pilgrims batting - Pitching for Tacoma Fur Traders : LHP Félix Benítez
Batting: RHB Barend Huijbregts 0-0: Ball
1-0: Ball
2-0: SOLO HOME RUN (Line Drive, 78XD, EV 106.2 MPH), Distance : 409 ft
Pitching: RHP Byron Cooling
Batting: RHB Gabriel Méndez 0-0: Ball
1-0: Called Strike
1-1: Called Strike
1-2: Ball
2-2: Ball
3-2: Strikes out swinging
Batting: RHB Chris Hall 0-0: Ball
1-0: Ball
2-0: Ground out 6-3 (Groundball, 6, EV 79.4 MPH)
Batting: RHB Carlos González 0-0: Ball
1-0: Ball
2-0: Foul Ball, location: 2F
2-1: Foul Ball, location: 2F
2-2: Foul Ball, location: 2F
2-2: Ball
3-2: Base on Balls
Batting: LHB César Valtez 0-0: Ground out 4-3 (Groundball, 4M, EV 90.0 MPH)
Bottom of the 5th over - 1 run, 1 hit, 0 errors, 1 left on base; Tacoma 0 - Providence 5
TOP OF THE 6TH
Tacoma Fur Traders batting - Pitching for Providence Pilgrims : RHP John St. John
Batting: RHB Axel Chicote 0-0: Ball
1-0: Ball
2-0: Foul Ball, location: 2F
2-1: Ball
3-1: Foul Ball, location: 2F
3-2: SOLO HOME RUN (Flyball, 78XD, EV 107.5 MPH), Distance : 409 ft
Batting: LHB Cho-yun Yip 0-0: Ball
1-0: Ball
2-0: Called Strike
2-1: Ball
3-1: Ground out U3 (Groundball, 3, EV 108.8 MPH)
Batting: LHB Michael Hutchinson 0-0: Called Strike
0-1: Ball
1-1: Fly out, F8 (Flyball, 78M, EV 93.1 MPH)
Batting: RHB Félix Olvera 0-0: Ball
1-0: Ball
2-0: Called Strike
2-1: Foul Ball, location: 2F
2-2: Fly out, F7 (Flyball, 7, EV 92.5 MPH)
Top of the 6th over - 1 run, 1 hit, 0 errors, 0 left on base; Tacoma 1 - Providence 5
BOTTOM OF THE 6TH
Providence Pilgrims batting - Pitching for Tacoma Fur Traders : RHP Byron Cooling
Batting: RHB Allen Kelley 0-0: Called Strike
0-1: Ball
1-1: Called Strike
1-2: Ball
2-2: Foul Ball, location: 2F
2-2: Ground out 6-3 (Groundball, 6, EV 103.1 MPH)
Batting: RHB Jesse McCoy 0-0: Called Strike
0-1: Called Strike
0-2: Ball
1-2: Ground out 5-3 (Groundball, 56, EV 103.8 MPH)
Batting: RHB Keith Lynn 0-0: Called Strike
0-1: Fly out, F7 (Flyball, 7S, EV 90.6 MPH)
Bottom of the 6th over - 0 runs, 0 hits, 0 errors, 0 left on base; Tacoma 1 - Providence 5
TOP OF THE 7TH
Tacoma Fur Traders batting - Pitching for Providence Pilgrims : RHP John St. John
Pitching: RHP Lúcio Salas
Batting: LHB Sam Bickerton 0-0: Ball
1-0: Ball
2-0: Ground out 4-3 (Groundball, 4, EV 88.1 MPH)
Batting: RHB Terry Boyle 0-0: Foul Ball, location: 2F
0-1: Ground out 6-3 (Groundball, 6M, EV 106.2 MPH)
Batting: RHB Jeroen Penning 0-0: Called Strike
0-1: Ball
1-1: Foul Ball, location: 2F
1-2: Strikes out swinging
Top of the 7th over - 0 runs, 0 hits, 0 errors, 0 left on base; Tacoma 1 - Providence 5
BOTTOM OF THE 7TH
Providence Pilgrims batting - Pitching for Tacoma Fur Traders : RHP Byron Cooling
Batting: RHB Julián Vélez 0-0: Ball
1-0: Ball
2-0: Swinging Strike
2-1: Fly out, F4 (Line Drive, 4, EV 61.9 MPH)
Batting: RHB Barend Huijbregts 0-0: Called Strike
0-1: Ball
1-1: Ball
2-1: Ground out 6-3 (Groundball, 6, EV 99.4 MPH)
Batting: RHB Gabriel Méndez 0-0: SOLO HOME RUN (Flyball, 89XD, EV 96.9 MPH), Distance : 387 ft
Batting: RHB Chris Hall 0-0: Swinging Strike
0-1: Ball
1-1: Called Strike
1-2: Foul Ball, location: 2F
1-2: Ball
2-2: Foul Ball, location: 2F
2-2: Foul Ball, location: 2F
2-2: Foul Ball, location: 2F
2-2: Foul Ball, location: 2F
2-2: Foul Ball, location: 2F
2-2: Foul Ball, location: 2F
2-2: Ball
3-2: Base on Balls
Batting: RHB Carlos González 0-0: Ball
1-0: Ball
2-0: Ball
3-0: Called Strike
3-1: Ground out 6-3 (Groundball, 6S, EV 66.9 MPH)
Bottom of the 7th over - 1 run, 1 hit, 0 errors, 1 left on base; Tacoma 1 - Providence 6
TOP OF THE 8TH
Tacoma Fur Traders batting - Pitching for Providence Pilgrims : RHP Lúcio Salas
Batting: RHB Eduardo Sainz 0-0: Fly out, F3 (Popup, 23F, EV 83.1 MPH)
Batting: RHB Mario Rangel 0-0: Foul Ball, location: 2F
0-1: Ball
1-1: Foul Ball, location: 2F
1-2: Ball
2-2: Foul Ball, location: 2F
2-2: Ball
3-2: Foul Ball, location: 2F
3-2: SINGLE (Groundball, 4MD, EV 101.9 MPH)
Batting: RHB Axel Chicote 0-0: Called Strike
0-1: DOUBLE (Flyball, 7LD, EV 92.5 MPH)
Mario Rangel to third
Batting: LHB Cho-yun Yip 0-0: Ball
1-0: Foul Ball, location: 2F
1-1: Called Strike
1-2: Foul Ball, location: 2F
1-2: Foul Ball, location: 2F
1-2: Fly out, F5 (Popup, 25F, EV 78.8 MPH)
Batting: LHB Michael Hutchinson 0-0: Called Strike
0-1: Foul Ball, location: 2F
0-2: Strikes out looking
Top of the 8th over - 0 runs, 2 hits, 0 errors, 2 left on base; Tacoma 1 - Providence 6
BOTTOM OF THE 8TH
Providence Pilgrims batting - Pitching for Tacoma Fur Traders : RHP Byron Cooling
Batting: LHB César Valtez 0-0: Called Strike
0-1: Ball
1-1: Foul Ball, location: 2F
1-2: Ground out 5-3 (Groundball, 56S, EV 68.1 MPH)
Batting: RHB Allen Kelley 0-0: Ball
1-0: Swinging Strike
1-1: Foul Ball, location: 2F
1-2: Foul Ball, location: 2F
1-2: Ground out U3 (Groundball, 3S, EV 73.8 MPH)
Batting: RHB Jesse McCoy 0-0: Ball
1-0: Ball
2-0: Called Strike
2-1: Ball
3-1: Swinging Strike
3-2: Base on Balls
Pitching: RHP Hang-fu Xiong
Batting: RHB Keith Lynn 0-0: Ball
1-0: Ball
2-0: Foul Ball, location: 2F
2-1: Ball
3-1: Base on Balls
Jesse McCoy to second
Batting: RHB Julián Vélez 0-0: Swinging Strike
0-1: Ball
1-1: Foul Ball, location: 2F
1-2: Foul Ball, location: 2F
1-2: Ball
2-2: Foul Ball, location: 2F
2-2: Ball
3-2: Foul Ball, location: 2F
3-2: Strikes out swinging
Bottom of the 8th over - 0 runs, 0 hits, 0 errors, 2 left on base; Tacoma 1 - Providence 6
TOP OF THE 9TH
Tacoma Fur Traders batting - Pitching for Providence Pilgrims : RHP Lúcio Salas
Batting: RHB Félix Olvera 0-0: Ball
1-0: Ground out 5-3 (Groundball, 56, EV 83.8 MPH)
Batting: LHB Sam Bickerton 0-0: Ball
1-0: Ball
2-0: Called Strike
2-1: Foul Ball, location: 2F
2-2: Foul Ball, location: 2F
2-2: Ball
3-2: Ground out 4-3 (Groundball, 4, EV 85.0 MPH)
Batting: RHB Terry Boyle 0-0: Called Strike
0-1: Ground out 4-3 (Groundball, 34, EV 90.6 MPH)
Top of the 9th over - 0 runs, 0 hits, 0 errors, 0 left on base; Tacoma 1 - Providence 6
Friday, March 26th, 2021 - OOTP Baseball 20.8 Build 74